 Dungeon Crawl Stone Soup version 0.31-a0-1278-g11c5b68f87 (webtiles) character file.

Game seed: 5384728950573814893

1214 grandjackal the Trooper (level 8, -2/64 (71) HPs)
             Began as a Black Draconian Gladiator on Dec 18, 2023.
             Slain by a wight
             ... wielding a +3 spear
              (11 damage)
             ... on level 6 of the Dungeon.
             The game lasted 00:05:11 (4673 turns).

grandjackal the Trooper (Black Draconian Gladiator) Turns: 4673, Time: 00:05:11

HP:   -2/64 (71)    AC:  6    Str: 18    XL:     8   Next: 22%
MP:   8/8           EV: 29    Int:  8    God:
Gold: 237           SH:  0    Dex: 14    Spells: 7/7 levels left

rFire   . . .        a - +0 long sword
rCold   . . .        (no shield)
rNeg    . . .        (body armour unavailable)
rPois   .            b - +0 hat
rElec   +            (no cloak)
rCorr   .            (no gloves)
SInv    .            (no boots)
Will    .....        l - amulet of the acrobat
Stlth   +            v - ring of wizardry
HPRegen 0.30/turn    (no ring)
MPRegen 0.11/turn

%: acrobat, wizardry (x1)
@: short of breath, acrobatic, drained
A: breathe lightning, AC +6, unfitting armour, electricity resistance,
cold-blooded
a: Breathe Lightning


You were on level 6 of the Dungeon.
You visited 1 branch of the dungeon, and saw 6 of its levels.

You collected 297 gold pieces.
You spent 60 gold pieces at shops.

Inventory:

Hand Weapons
 a - a +0 long sword (weapon)
Missiles
 c - 3 throwing nets (quivered)
 d - a javelin
 q - 14 poisoned darts
Armour
 b - a +0 hat (worn)
Jewellery
 l - an amulet of the acrobat (around neck)
 v - a ring of wizardry (left hand)
 y - a ring of fire
 B - an amulet of guardian spirit
Wands
 x - a wand of charming (8)
 A - a wand of mindburst (13)
Scrolls
 f - a scroll of summoning {unknown}
 h - a scroll of fear {unknown}
 i - a scroll of torment {unknown}
 j - a scroll of enchant armour {unknown}
 m - a scroll of silence {unknown}
 n - 3 scrolls of vulnerability {unknown}
 p - 2 scrolls of teleportation
 r - a scroll of immolation {unknown}
 s - a scroll of fog {unknown}
 t - 4 scrolls of amnesia {unknown}
 C - a scroll of revelation {unknown}
Potions
 e - 3 potions of curing
 g - a potion of might
 k - 2 potions of lignification
 o - 2 potions of magic
 u - a potion of ambrosia {unknown}
 w - a potion of haste {unknown}
 z - a potion of attraction


   Skills:
 + Level 6.6 Fighting
 + Level 6.3 Long Blades
 - Level 2.0 Throwing
 + Level 5.8 Dodging


You had 7 spell levels left.
You didn't know any spells.
Your spell library contained the following spells:

 Spells                   Type           Power      Damage    Failure   Level
 Ensorcelled Hibernation  Hex/Ice        0%         N/A       26%         2
 Jinxbite                 Hex            0%         N/A       26%         2
 Anguish                  Hex/Necr       0%         N/A       83%         4


Dungeon Overview and Level Annotations

Branches:
Dungeon (6/15)
 Temple: D:4-7

Altars:
Vehumet

Shops:
D:2 ?


Innate Abilities, Weirdness & Mutations

You can breathe wild blasts of lightning.
Your glossy black scales are hard. (AC +6)
You cannot fit into any form of body armour.
You are resistant to electric shocks. (rElec)
You are cold-blooded and may be slowed by cold attacks.


Message History

You barely miss the wight.
The wight is almost destroyed.
The wight hits you from afar with a +3 spear.
The wight completely misses you.
You barely miss the wight.
The wight is almost destroyed.
The wight barely misses you. x2
You barely miss the wight.
The wight is almost destroyed.
The wight misses you. The wight hits you with a +2 flail.
You hit the wight but do no damage.
Your tail-slap misses the wight.
The wight is almost destroyed.
The wight closely misses you. The wight hits you but does no damage.
You hit the wight but do no damage.
The wight is almost destroyed.
The wight hits you from afar with a +3 spear!
The wight hits you with a +2 flail!
You feel drained.
You slash the wight!
You destroy the wight!
The wight hits you from afar with a +3 spear.
* * * LOW HITPOINT WARNING * * *
You feel drained.
The wight hits you from afar with a +3 spear.
* * * LOW HITPOINT WARNING * * *
You feel drained.
* * * LOW HITPOINT WARNING * * *
Things that are here:
a +2 flail; a +0 robe Activating: Breathe Lightning (4% risk of failure)
Press: ? - help, Dir - look around, f - activate You breathe a wild blast of lightning!
The bolt of lightning misses you.
You hear a shout! x3
The wight hits you but does no damage.
Unknown command.
Unknown command.
Unknown command.
An ice beast comes into view.
The wight attacks as it pursues you!
The wight hits you from afar with a +3 spear!
You die...

.. #.# ...##
##.# ...# ###..#
#..# #...##
#..)###.####
#....#.#..
#..#...#.###
#...>..#...# #
#......@)###[...
#.##.#...z.Y..#
#.#........#.##
#.#.##.......#
#.....###..###
####.# .... #.
.###. # ## #


You could see an ice beast and a wight.

Vanquished Creatures
  Grinder (D:3)
  An ice beast (D:5)
  An orc warrior (D:6)
  An ogre (D:5)
  A phantom (D:6)
  A scorpion (D:5)
  A wight (D:6)
  A jelly (D:4)
  3 orc priests
  A hound (D:5)
  2 sleepcaps
  2 iguanas (D:5)
  3 orc wizards
  10 adders
  A white imp (D:5)
  2 worms (D:3)
  A dart slug (D:5)
  24 orcs
  7 bats
  10 endoplasms
  6 giant cockroaches
  7 goblins
  8 hobgoblins
  5 jackals (D:3)
  5 quokkas
  8 ball pythons
  9 frilled lizards
  5 kobolds
  9 rats
136 creatures vanquished.

Notes
Turn   | Place    | Note
-------+----------+-------------------------------------------
     0 | D:1      | grandjackal the Draconian Gladiator began the quest for the
                  | Orb.
     0 | D:1      | Reached XP level 1. HP: 17/17 MP: 1/1
    79 | D:1      | Reached XP level 2. HP: 22/25 MP: 2/2
   690 | D:1      | You fall into a shaft and drop 1 floor!
   857 | D:2      | Reached XP level 3. HP: 30/30 MP: 3/3
  1414 | D:2      | Found Quwnah's Magic Scroll Shop.
  1417 | D:2      | Bought a scroll of identify for 24 gold pieces
  1417 | D:2      | Bought a scroll of teleportation for 36 gold pieces
  1708 | D:3      | Reached XP level 4. HP: 38/38 MP: 4/4
  1782 | D:3      | Noticed Grinder
  1785 | D:3      | Paralysed by Grinder for 4 turns
  1791 | D:3      | Paralysed by Grinder for 2 turns
  1797 | D:3      | Killed Grinder
  1798 | D:3      | Reached XP level 5. HP: 29/47 MP: 5/5
  1798 | D:3      | Reached XP level 6. HP: 33/53 MP: 6/6
  2298 | D:3      | Found a radiant altar of Vehumet.
  3040 | D:4      | Reached skill level 5 in Fighting
  3040 | D:4      | Reached skill level 5 in Long Blades
  3333 | D:4      | Your scales start taking on a glossy black colour.
  3333 | D:4      | Reached XP level 7. HP: 53/61 MP: 7/7
  3333 | D:4      | Gained mutation: You are resistant to electric shocks.
                  | (rElec) [Black Draconian growth]
  3639 | D:5      | Entered Level 5 of the Dungeon
  3762 | D:5      | Reached skill level 5 in Dodging
  4439 | D:6      | Reached XP level 8. HP: 71/71 MP: 8/8
  4673 | D:6      | Slain by a wight

Illustrated notes

Levels and vault maps discovered:
D:1:      saegor_arrival_under_anarchy, layout_basic, serial_corexii_hall,
          chequers_hall_statues_corner_a, chequers_hall_statues_wall_a,
          corexii_hall_statues_i, corexii_hall_statues_x, skrybe_limestone_x,
          minmay_lizard_pond
D:2:      layout_loops_ring, serial_shops, nicolae_shop_window_shopping
D:3:      layout_rooms, amcnicky_altar_gilded, minmay_mini_jars, uniq_grinder
D:4:      layout_cave_pods
D:5:      layout_basic
D:6:      layout_basic, pf_just_have_faith

Skill      XL: |  1  2  3  4  5  6  7 |
---------------+----------------------+-----
Throwing       | 2 |  2.0
Dodging        | 3 4 5 |  5.8
Fighting       | 3 4 5 6 |  6.6
Long Blades    | 4 5 6 |  6.3

Action                     |  1- 3 |  4- 6 |  7- 9 || total
---------------------------+-------+-------+-------++-------
  Melee: Long sword        |   130 |   172 |   107 ||   409
         Tailslap          |     8 |    20 |    14 ||    42
         Punch             |     1 |     1 |     1 ||     3
Ability: Breathe Lightning |       |       |     5 ||     5
    Use: Scroll            |     3 |       |     2 ||     5
   Stab: Sleeping          |     5 |     1 |     1 ||     7
 Armour: Skin              |    63 |   104 |    56 ||   223
  Dodge: Dodged            |   120 |   119 |    89 ||   328

Table legend: (Time is in decaauts)
 A = Elapsed time spent in this place.
 B = Non-inter-level travel time spent in this place.
 C = Inter-level travel time spent in this place.
 D = Time resting spent in this place.
 E = Time spent auto-exploring this place.
 F = Levels seen in this place.
 G = Mean time per level.
                   A        B        C        D        E       F      G
               +--------+--------+--------+--------+--------+-----+--------+
         Total |   4754 |   4678 |     76 |    527 |   3090 |   6 |  792.3 |
       Dungeon |   4754 |   4678 |     76 |    527 |   3090 |   6 |  792.3 |
               +--------+--------+--------+--------+--------+-----+--------+

Top non-repeatable levels by time:
     D:4: 1083 daAuts
     D:3: 962 daAuts
     D:1: 841 daAuts
     D:2: 821 daAuts
     D:5: 746 daAuts
     D:6: 299 daAuts
